 Dungeon Crawl Stone Soup version bcrawl-1.19.1 (webtiles) character file.

Game seed: 10306437599297940238

1844 Niddhogr the Destroyer (level 8, 57/57 HPs)
             Began as a Demonspawn Wizard on Nov 30, 2019.
             Got out of the dungeon alive.
             The game lasted 00:34:40 (6897 turns).

Niddhogr the Destroyer (Demonspawn Wizard)          Turns: 6897, Time: 00:34:40

Health: 57/57      AC:  3    Str:  9    XL:     8   Next: 88%
Magic:  15/15      EV: 14    Int: 21    God:
Gold:   383        SH:  3    Dex: 11    Spells: 6/17 levels left

rFire    . . .     SeeInvis .   G - +0 quarterstaff (crush)
rCold    . . .     Gourm    .   (shield currently unavailable)
rNeg     . . .     Faith    .   b - +0 robe
rPois    .         Spirit   .   c - +1 hat
rElec    .         Reflect  +   o - scarf {cloud immunity}
rCorr    .         Harm     .   (no gloves)
MR       +....                  (no boots)
Stlth    ++........             s - +3 amulet of reflection
HPRegen  0.19/turn              M - ring of protection from magic
MPRegen  0.14/turn              (no ring)

@: no status effects
A: antennae 2, repulsion field 1, demonic guardian 1, powered by death 1
a: no special abilities


You escaped.
You were hungry.

You visited 2 branches of the dungeon, and saw 7 of its levels.

You collected 383 gold pieces.

Inventory:

Hand Weapons
 k - a +0 hunting sling
 v - a +0 halberd
 x - a +0 trident
 G - a +0 quarterstaff of crushing (weapon)
Missiles
 d - 151 javelins (quivered)
 l - 345 sling bullets
 q - 117 poisoned needles
Armour
 b - a +0 robe (worn)
 c - a +1 hat (worn)
 o - a scarf of cloud immunity (worn)
Magical Staves
 I - an uncursed staff of summoning {!a}
Jewellery
 s - a +3 amulet of reflection (around neck)
 M - a ring of protection from magic (left hand)
Wands
 a - a wand of flame (8)
 D - a wand of digging (16)
Scrolls
 g - 2 scrolls of enchant armour
 i - 2 scrolls of identify
 j - a scroll of amnesia {unknown}
 n - 3 scrolls of magic mapping {!r}
 t - a scroll of teleportation
 y - a scroll of vulnerability {unknown}
 A - a scroll of remove curse
 B - a scroll of blinking {!r}
 H - a scroll of noise {unknown}
Potions
 h - a potion of flight {unknown}
 m - a potion of haste
 p - a potion of might
 r - a potion of heal wounds
 u - a potion of curing {unknown}
 z - a potion of mutation {unknown}
 C - a potion of invisibility {unknown}
 E - a potion of lignification {unknown}
 F - a potion of brilliance {unknown}
Comestibles
 f - 9 rations {!d}


   Skills:
 + Level 2.6 Fighting
 + Level 5.4 Polearms
 - Level 1.7 Dodging
 - Level 2.0 Stealth
 - Level 5.3 Spellcasting
 - Level 8.0 Conjurations
 - Level 1.0 Summonings
 - Level 0.8 Translocations


You had 6 spell levels left.
You knew the following spells:

 Your Spells              Type           Power        Failure   Level  Hunger
a - Magic Dart            Conj           ####         1%          1    None
b - Blink                 Tloc           N/A          11%         2    None
c - Call Imp              Summ           #.....       11%         2    None
d - Conjure Flame         Conj/Fire      ###.....     6%          3    ##.....
x - Mephitic Cloud        Conj/Pois/Air  ###.....     11%         3    ##.....

Your spell library contained the following spells:

 Spells                   Type           Power        Failure   Level  Hunger
 Spider Form              Tmut/Pois      #..          32%         3    ##.....


Dungeon Overview and Level Annotations

Branches:
Dungeon (6/12)             Temple (1/1) D:6

Altars:
Elyvilon
Fedhas
Gozag
Makhleb
Ru
Vehumet
Wu Jian
Xom
The Shining One

Shops:
D:5 =


Innate Abilities, Weirdness & Mutations

You have a pair of antennae on your head.
You are surrounded by a mild repulsion field. (EV +2)
A weak demonic guardian rushes to your aid.
You regenerate a little health from kills.


Message History

There is a stone staircase leading up here.
You climb upwards.
There is a stone staircase leading down here.
There is a stone staircase leading up here.
You climb upwards.
There is a stone staircase leading down here.
Things that are here:
a +0 leather armour; a +0 war axe; a +0 hand axe
There is a stone staircase leading up here.
You climb upwards.
There is a stone staircase leading down here.
Things that are here:
a +0 chain mail; a +0 club; a +0 dagger
There is a stone staircase leading up here.
You climb upwards.
There is a stone staircase leading down here.
You are feeling hungry.
There is a staircase leading out of the dungeon here.
Are you sure you want to leave the Dungeon?
This will make you lose the game!
You have escaped!

.# #........##.......###. .#
##.#######.........##. .#
######.......##....8....### .#
#....###...#............# .#
#....# #########.......## .#
#....####...######...### .#
#....##.......## ###.#### .#
#....#.........# ###...###
♣♣#####....#....@....####.......#
P♣.........#..........##.........
.........####.......##......8....
♣♣.......# ###...######.........
♣♣.......# ##### ##.......#
#..)....# ###...###
#.......################.#####..
##......)..............##........
.........[.............##.#####.#


There were no monsters in sight!

Levels and vault maps discovered:
D:1:      dpeg_arrival_three_same_balls, layout_basic, serial_forest,
          infiniplex_forest_corner_1, infiniplex_forest_end_1,
          infiniplex_forest_straight_4, infiniplex_forest_lined_room_2,
          infiniplex_forest_clump_C, infiniplex_forest_lined_2,
          infiniplex_forest_straight_2, infiniplex_forest_straight_3,
          minmay_tiny_reverse_x
D:2:      layout_rooms, uniq_robin
D:3:      layout_loops_corners, first_ration
D:4:      layout_basic, chequers_serial_rivers_micro_e
D:5:      layout_basic, old_standard_altar, grunt_temple_overflow_open,
          serial_shops, shop
D:6:      layout_basic, lemuel_crystal_altar, kennysheep_mini,
          minmay_temple_entry_nine_rooms, serial_shops, shop,
          nicolae_shop_behind_doors, nicolae_shop_behind_doors,
          minmay_crystal_room, kennysheep_decorative_pillar, lightli_minifort,
          uniq_eustachio
Temple:   minmay_temple_curvy_loop

Notes
Turn   | Place    | Note
-------+----------+-------------------------------------------
     0 | D:1      | Niddhogr the Demonspawn Wizard began the quest for the Orb.
     0 | D:1      | Reached XP level 1. HP: 13/13 MP: 4/4
    47 | D:1      | Identified a cursed -1 dagger (You found it on level 1 of
                  | the Dungeon)
   325 | D:1      | Identified a cursed -3 club
   354 | D:1      | Identified a cursed -2 club
   356 | D:1      | Identified a +0 club
   367 | D:1      | Reached skill level 2 in Conjurations
   434 | D:1      | Gained mutation: You have a pair of small antennae on your
                  | head. [demonic ancestry]
   434 | D:1      | Reached XP level 2. HP: 16/19 MP: 6/6
   528 | D:1      | Identified a cursed -3 club
   538 | D:1      | Learned a level 2 spell: Blink
   541 | D:1      | Learned a level 2 spell: Call Imp
   701 | D:1      | Identified a scarf of cloud immunity (You found it on level
                  | 1 of the Dungeon)
   778 | D:1      | Identified a +0 club
   784 | D:1      | Identified a +0 club
   916 | D:1      | Identified a cursed +0 dagger
   921 | D:1      | Reached skill level 3 in Conjurations
   927 | D:1      | Gained mutation: You have a pair of antennae on your head.
                  | [demonic ancestry]
   927 | D:1      | Reached XP level 3. HP: 24/24 MP: 2/7
  1360 | D:1      | Identified 3 scrolls of enchant armour
  1361 | D:1      | Identified a scroll of blinking
  1372 | D:1      | Identified a scroll of teleportation
  1378 | D:2      | Identified a scroll of identify
  1378 | D:2      | Identified a potion of might
  1418 | D:2      | Identified a +0 club
  1418 | D:2      | Identified a +0 club
  1418 | D:2      | Identified a +0 club
  1424 | D:2      | Identified a +0 club
  1425 | D:2      | Identified a +0 spear
  1425 | D:2      | Identified a +0 animal skin
  1425 | D:2      | Identified a +0 helmet
  1425 | D:2      | Noticed Robin
  1426 | D:2      | Identified a +0 dagger
  1490 | D:2      | Identified a +0 club
  1491 | D:2      | Identified a +0 dagger
  1696 | D:2      | Identified a +0 club
  1697 | D:2      | Identified a +0 dagger
  1867 | D:2      | Reached XP level 4. HP: 23/30 MP: 4/8
  2031 | D:2      | Identified a scroll of remove curse
  2032 | D:2      | Identified a cursed -1 mace (You found it on level 1 of the
                  | Dungeon)
  2050 | D:2      | Reached skill level 4 in Conjurations
  2151 | D:2      | Identified a +0 chain mail
  2169 | D:1      | Learned a level 3 spell: Mephitic Cloud
  2176 | D:2      | Identified a +0 chain mail
  2196 | D:2      | Killed Robin
  2531 | D:3      | Noticed a phantom
  2562 | D:3      | Identified a +0 short sword
  2645 | D:3      | Identified a +0 club
  2645 | D:3      | Identified a +0 club
  2760 | D:3      | Identified a +0 dagger
  2760 | D:3      | Identified a +0 hunting sling
  2798 | D:3      | Identified a +0 halberd
  2799 | D:3      | Identified a +0 spear
  2801 | D:3      | Identified a +0 flail
  2810 | D:3      | Identified a +0 hand axe
  2815 | D:3      | Identified a cursed -1 hand axe
  2816 | D:3      | Identified a +0 whip
  2858 | D:3      | Identified 2 potions of heal wounds
  2944 | D:3      | Identified a +0 hand axe
  2944 | D:3      | Identified a +0 war axe
  2944 | D:3      | Identified a +0 leather armour
  3046 | D:3      | Gained mutation: You are surrounded by a mild repulsion
                  | field. (EV +2) [demonic ancestry]
  3046 | D:3      | Reached XP level 5. HP: 35/35 MP: 4/9
  3204 | D:3      | Reached skill level 5 in Conjurations
  3295 | D:3      | Identified a +0 club
  3376 | D:3      | Identified a +0 ring mail
  3672 | D:3      | Killed a phantom
  3672 | D:3      | Reached skill level 4 in Spellcasting
  3672 | D:3      | Gained mutation: A weak demonic guardian rushes to your
                  | aid. [demonic ancestry]
  3672 | D:3      | Reached XP level 6. HP: 26/41 MP: 0/12
  3837 | D:4      | Noticed a sky beast
  3852 | D:4      | Killed a sky beast
  3922 | D:4      | Identified a +0 giant spiked club
  3927 | D:4      | Reached skill level 5 in Spellcasting
  4011 | D:4      | Reached XP level 7. HP: 46/46 MP: 6/14
  4013 | D:4      | Identified a +0 hand axe
  4014 | D:4      | Identified a +0 hand axe
  4014 | D:4      | Identified a +0 ring mail
  4014 | D:4      | Identified a +0 leather armour
  4017 | D:4      | Identified a +0 club
  4017 | D:4      | Identified a +0 leather armour
  4023 | D:4      | Identified a +0 hand axe
  4229 | D:4      | Identified an amulet of reflection (You found it on level 3
                  | of the Dungeon)
  4235 | D:4      | Identified a +0 trident (You found it on level 4 of the
                  | Dungeon)
  4250 | D:4      | Learned a level 3 spell: Conjure Flame
  4310 | D:4      | Identified a +0 club
  4311 | D:4      | Identified a +0 halberd
  4311 | D:4      | Identified a +0 whip
  4319 | D:4      | Reached skill level 6 in Conjurations
  4332 | D:4      | Reached skill level 1 in Polearms
  4469 | D:4      | Identified a +0 club
  4469 | D:4      | Identified a +0 mace
  4469 | D:4      | Identified a +0 morningstar
  4469 | D:4      | Identified a +0 ring mail
  4482 | D:4      | Identified a +0 dagger
  4482 | D:4      | Identified a cursed -2 robe
  4482 | D:4      | Identified a +0 mace
  4482 | D:4      | Identified a +0 short sword
  4482 | D:4      | Identified a +0 scale mail
  4482 | D:4      | Identified a +0 flail
  4487 | D:4      | Identified a cursed -2 mace
  4524 | D:4      | Identified a ring of protection from magic (You found it on
                  | level 4 of the Dungeon)
  4748 | D:4      | Reached skill level 2 in Polearms
  4888 | D:5      | Entered Level 5 of the Dungeon
  4888 | D:5      | Noticed a hippogriff
  4954 | D:5      | Identified 3 scrolls of magic mapping
  4955 | D:5      | Identified a potion of haste
  4956 | D:5      | Identified a +0 hand axe
  4956 | D:5      | Identified a +0 leather armour
  5044 | D:5      | Identified a cursed -1 club
  5176 | D:5      | Found Woman's Jewellery Shoppe.
  5227 | D:5      | Reached skill level 3 in Polearms
  5250 | D:5      | Found a white marble altar of Elyvilon.
  5299 | D:5      | Found a burning altar of Makhleb.
  5320 | D:5      | Found an ornate altar of the Wu Jian Council.
  5413 | D:5      | Killed a hippogriff
  5413 | D:5      | Reached skill level 7 in Conjurations
  5413 | D:5      | Gained mutation: You regenerate a little health from kills.
                  | [demonic ancestry]
  5413 | D:5      | Reached XP level 8. HP: 42/52 MP: 10/15
  5513 | D:5      | Identified a +0 club
  5539 | D:5      | Identified a +0 flail
  5746 | D:5      | Identified a +0 spear
  5775 | D:5      | Reached skill level 4 in Polearms
  5808 | D:5      | Identified a +0 quarterstaff of crushing (You found it on
                  | level 5 of the Dungeon)
  6193 | D:6      | Noticed a troll
  6197 | D:6      | Identified a +0 short sword
  6197 | D:6      | Identified a +0 chain mail
  6198 | D:6      | Identified a +0 mace
  6198 | D:6      | Identified a +0 plate armour
  6313 | D:6      | Reached skill level 8 in Conjurations
  6344 | D:6      | Killed a troll
  6344 | D:6      | Identified a +0 troll leather armour
  6344 | D:6      | Reached skill level 1 in Fighting
  6344 | D:6      | Reached skill level 5 in Polearms
  6468 | D:6      | Identified a +0 dagger
  6468 | D:6      | Identified a +0 robe
  6468 | D:6      | Identified a +0 falchion
  6468 | D:6      | Identified a +0 whip
  6471 | D:6      | Identified a +0 morningstar
  6471 | D:6      | Identified a cursed -1 giant club
  6476 | D:6      | Reached skill level 2 in Fighting
  6495 | D:6      | Identified a +0 dagger
  6648 | D:6      | Found a staircase to the Ecumenical Temple.
  6655 | Temple   | Entered the Ecumenical Temple
  6897 | D:$      | Got out of the dungeon alive.

Table legend:
 A = Turns spent in this place as a percentage of turns spent in the entire game.
 B = Non-inter-level travel turns spent in this place as a percentage of non-inter-level travel turns spent in the entire game.
 C = Inter-level travel turns spent in this place as a percentage of turns spent in this place.
 D = Turns resting spent in this place as a percentage of non-inter-level travel turns spent in this place.
 E = Turns spent auto-exploring this place as a percentage of non-inter-level travel turns spent in this place.
 F = Non-inter-level travel turns spent in this place divided by the number of levels of this place that you've seen.
                   A       B       C       D       E      F
               +-------+-------+-------+-------+-------+----------------------
         Total | 100.0 | 100.0 |   5.3 |   4.4 |  74.2 | 933.3
       Dungeon |  99.0 |  99.4 |   4.9 |   4.4 |  74.7 | 1082.3
        Temple |   1.0 |   0.6 |  40.9 |   0.0 |   0.0 |  39.0
               +-------+-------+-------+-------+-------+----------------------

Table legend:
 A = Kills in this place as a percentage of kills in entire the game.
 B = Kills by you in this place as a percentage of kills by you in the entire game.
 C = Kills by friends in this place as a percentage of kills by friends in the entire game.
 D = Other kills in this place as a percentage of other kills in the entire game.
 E = Experience gained in this place as a percentage of experience gained in the entire game.
 F = Experience gained in this place divided by the number of levels of this place that you have seen.
                   A       B       C       D       E      F
               +-------+-------+-------+-------+-------+----------------------
         Total | 100.0 | 100.0 | 100.0 | 100.0 | 100.0 | 376.4
       Dungeon | 100.0 | 100.0 | 100.0 | 100.0 | 100.0 | 439.2
               +-------+-------+-------+-------+-------+----------------------

Skill      XL: |  1  2  3  4  5  6  7  8 |
---------------+-------------------------+-----
Conjurations   | 2 3 4 5 7 8 |  8.0
Spellcasting   | 4 5 |  5.3
Polearms       | 3 5 |  5.4
Fighting       | 2 |  2.6
Dodging        | |  1.7
Stealth        | |  2.0
Summonings     | |  1.0
Translocations | |  0.8

Action                   |  1- 3 |  4- 6 |  7- 9 || total
-------------------------+-------+-------+-------++-------
Melee: Dagger            |    24 |       |       ||    24
       Mace              |       |    41 |     7 ||    48
       Trident           |       |       |    76 ||    76
       Quarterstaff      |       |       |    18 ||    18
Throw: Javelin           |    34 |    34 |     4 ||    72
 Cast: Magic Dart        |    86 |   111 |   142 ||   339
       Call Imp          |     1 |       |       ||     1
       Mephitic Cloud    |       |     4 |    14 ||    18
       Conjure Flame     |       |       |     1 ||     1
Evoke: Wand              |       |       |     2 ||     2
  Use: Scroll            |     4 |     1 |     4 ||     9
       Potion            |       |     3 |       ||     3
 Stab: Confused          |       |     2 |     5 ||     7
  Eat: Chunk             |     3 |     6 |    10 ||    19
Armor: Robe              |     8 |    29 |    19 ||    56
Dodge: Dodged            |    33 |    67 |    75 ||   175
Block: Other             |       |       |    13 ||    13
       Reflection        |       |       |     3 ||     3

Vanquished Creatures
  A troll (D:6)
  An orc warrior (D:6)
  An ice beast (D:5)
  2 sky beasts (D:4)
  A phantom (D:3)
  2 ogres
  A wyvern zombie (D:6)
  2 crimson imps
  4 hounds
  A centaur skeleton (D:4)
  2 jellies
  2 orc priests
  An orc wizard (D:6)
  2 worker ants (D:5)
  Robin (D:2)
  9 gnolls
  A howler monkey skeleton (D:5)
  4 adders
  An ooze (D:2)
  An adder skeleton (D:2)
  4 worms
  2 dart slugs
  5 leopard geckos
  20 orcs
  A ball python (D:2)
  4 giant cockroaches
  17 goblins
  9 hobgoblins
  7 jackals
  4 kobolds
  2 quokkas
  3 bats (D:1)
  2 frilled lizards
  10 rats
130 creatures vanquished.

Vanquished Creatures (collateral kills)
  A hippogriff (D:5)
  A sky beast (D:5)
  A crimson imp (D:5)
  A quasit (D:6)
  2 orc priests (D:4)
  An orc wizard (D:4)
  4 orcs
11 creatures vanquished.

Vanquished Creatures (others)
  2 electric eels (D:6)
2 creatures vanquished.

Grand Total: 143 creatures vanquished
